 Dungeon Crawl Stone Soup version 0.32-a0-5-gbffa963729 (webtiles) character file.

Game seed: 14137230861702578916

2335164 Flugslaktarn the Slayer (level 23, 234/234 HPs)
             Began as a Minotaur Fighter on Jan 13, 2024.
             Was the Champion of Cheibriados.
             Escaped with the Orb
             ... and 3 runes
             ... and 1 gem!
             The game lasted 00:29:59 (37301 turns).

Flugslaktarn the Slayer (Minotaur Fighter)         Turns: 37301, Time: 00:29:59

Health: 234/234    AC: 44    Str: 44    XL:     23   Next: 18%
Magic:  31/31      EV: 31    Int: 23    God:    Cheibriados [******]
Gold:   2918       SH: 29    Dex: 31    Spells: 22/22 levels left

rFire   + . .        N - +7 war axe (vamp)
rCold   + . .        r - +3 tower shield
rNeg    . . .        C - +8 orange crystal plate armour {Archmagi, Int+3 Clar}
rPois   +            (helmet restricted)
rElec   .            Z - scarf {rC+ rF+}
rCorr   .            Y - +2 pair of gloves
SInv    .            o - +2 pair of boots
Will    +++..        P - amulet of regeneration Stlth
                     O - ring of the Scavenger {rPois Will+ Dex+3}
HPRegen 1.39/turn    j - +4 ring of slaying
MPRegen 0.22/turn

%: clarity, archmagi
@: studying Staves, very slow
A: horns 2, retaliatory headbutt, hooves 1, strong-willed 1, sense surroundings
1
0: Orb of Zot
}: 3/15 runes: decaying, serpentine, silver
a: Renounce Religion, Bend Time, Temporal Distortion, Slouch, Step From Time


You escaped.
You worshipped Cheibriados.
Cheibriados was exalted by your worship.
You visited 9 branches of the dungeon, and saw 45 of its levels.
You visited 2 bazaars.
You also visited: Ice Cave and Volcano.

You collected 5613 gold pieces.
You spent 2695 gold pieces at shops.

Inventory:

Hand Weapons
 b - a +1 short sword of distortion
   (You took it off Sonja on level 11 of the Dungeon)
 N - a +7 vampiric war axe (weapon)
   (You found it on level 12 of the Dungeon)
 T - a +0 broad axe of flaming
   (You took it off an orc warrior on level 2 of the Orcish Mines)
Missiles
 y - 2 throwing nets (quivered)
Armour
 o - a +2 pair of boots (worn)
   (You found it on level 2 of the Lair of Beasts)
 r - a +3 tower shield (worn)
   (You took it off a vault guard on level 5 of the Vaults)
 C - the +8 orange crystal plate armour (worn) {Archmagi, Int+3 Clar}
   (You found it on level 5 of the Vaults)

   Int+3:     It affects your intelligence (+3).
   Clar:      It protects you from confusion, rage, mesmerisation and fear.
 Y - a +2 pair of gloves (worn)
   (You found it on level 7 of the Dungeon)
 Z - a scarf of resistance (worn)
   (You found it on level 4 of the Snake Pit)
Jewellery
 c - a ring of protection from cold
   (You found it in an ice cave)
 e - a +5 ring of evasion
   (You found it on level 2 of the Depths)
 f - a ring of protection from fire
   (You found it on level 2 of the Lair of Beasts)
 i - a ring of see invisible
   (You took it off a naga warrior on level 1 of the Snake Pit)
 j - a +4 ring of slaying (right hand)
   (You bought it in a shop in a bazaar)
 k - the ring "Kilel" {Fire rElec Int+2}
   (You found it on level 3 of the Vaults)

   [ring of fire]

   Fire:      It enhances your fire magic.
   Int+2:     It affects your intelligence (+2).
   rF+:       It protects you from fire.
   rC-:       It makes you vulnerable to cold.
   rElec:     It insulates you from electricity.
 m - a ring of willpower
   (You found it on level 5 of the Dungeon)
 p - a +4 ring of protection
   (You found it on level 13 of the Dungeon)
 v - a +5 ring of evasion
   (You took it off a vault warden on level 5 of the Vaults)
 L - the amulet of Plog {Spirit rF+++ Dex-4}
   (You took it off a fire giant on level 5 of the Vaults)

   [amulet of guardian spirit]

   Spirit:    It causes incoming damage to be divided between your reserves of
   health and magic.
   Dex-4:     It affects your dexterity (-4).
   rF+++:     It renders you almost immune to fire.
 O - the ring of the Scavenger (left hand) {rPois Will+ Dex+3}
   (You found it on level 3 of the Vaults)

   [ring of poison resistance]

   Dex+3:     It affects your dexterity (+3).
   rPois:     It protects you from poison Will+: It increases your willpower.
 P - an amulet of regeneration (around neck)
   (You found it on level 9 of the Dungeon)
Wands
 g - a wand of digging (3)
   (You found it on level 11 of the Dungeon)
 s - a wand of roots (11)
   (You found it on level 9 of the Dungeon)
 B - a wand of mindburst (55)
   (You found it on level 10 of the Dungeon)
 E - a wand of paralysis (30)
   (You found it on level 3 of the Swamp)
 Q - a wand of quicksilver (13)
   (You found it on level 2 of the Lair of Beasts)
Scrolls
 t - 11 scrolls of teleportation
 x - 2 scrolls of immolation
 z - 3 scrolls of blinking
 D - 8 scrolls of vulnerability
 G - 6 scrolls of fear
 H - 4 scrolls of fog
 J - a scroll of summoning
 X - 2 scrolls of silence
Potions
 a - 3 potions of berserk rage
 d - 3 potions of might
 n - a potion of resistance
 q - 13 potions of curing
 u - 7 potions of invisibility
 A - 4 potions of cancellation
 I - 3 potions of enlightenment
 M - 6 potions of mutation
 R - a potion of magic


   Skills:
 + Level 25.2 Fighting
 - Level 18.0 Axes
 + Level 22.8 Armour
 + Level 23.9 Dodging
 + Level 20.8 Shields
 - Level 12.0 Invocations
 - Level 8.0 Evocations


You had 22 spell levels left.
You didn't know any spells.
Your spell library contained the following spells:

 Spells                   Type           Power      Damage    Failure   Level
 Apportation              Tloc           0%         N/A       65%         1
 Foxfire                  Conj/Fire      0%         2x1d4     65%         1
 Necrotise                Necr           0%         1d4       65%         1
 Sting                    Conj/Alch      0%         1d3       65%         1
 Summon Small Mammal      Summ           0%         N/A       65%         1
 Call Imp                 Summ           0%         N/A       78%         2
 Cigotuvi's Dreadful Rot  Necr/Alch/Air  0%         N/A       78%         2
 Jinxbite                 Hex            0%         N/A       78%         2
 Scorch                   Fire           0%         2d5       78%         2
 Sublimation of Blood     Necr           0%         N/A       78%         2
 Call Canine Familiar     Summ           0%         N/A       95%         3
 Dazzling Flash           Conj/Hex       0%         N/A       95%         3
 Inner Flame              Hex/Fire       0%         N/A       95%         3
 Mephitic Cloud           Conj/Alch/Air  0%         N/A       95%         3
 Sigil of Binding         Hex            0%         N/A       95%         3
 Tukima's Dance           Hex            0%         N/A       95%         3
 Vampiric Draining        Necr           0%         2d6       95%         3
 Volatile Blastmotes      Fire/Tloc      0%         2d10      95%         3
 Animate Dead             Necr           0%         N/A       100%        4
 Dimensional Bullseye     Hex/Tloc       0%         N/A       100%        4
 Dispel Undead            Necr           0%         3d6       100%        4
 Flame Wave               Conj/Fire      0%         2d4       100%        4
 Ignite Poison            Fire/Alch      0%         N/A       100%        4
 Martyr's Knell           Necr/Summ      0%         N/A       100%        4
 Passage of Golubria      Tloc           0%         N/A       100%        4
 Sticky Flame             Fire/Alch      0%         2d4       100%        4
 Summon Blazeheart Golem  Fire/Summ      0%         N/A       100%        4
 Vhi's Electric Charge    Tloc/Air       0%         N/A       100%        4
 Alistair's Intoxication  Alch           0%         N/A       100%        5
 Arcjolt                  Conj/Air       0%         1d10      100%        5
 Borgnjor's Vile Clutch   Necr/Erth      0%         N/A       100%        5
 Curse of Agony           Necr           0%         N/A       100%        5
 Fireball                 Conj/Fire      0%         3d3       100%        5
 Iskenderun's Battlesphe  Conj           0%         2d6       100%        5
 Silence                  Hex/Air        0%         N/A       100%        5
 Summon Forest            Summ/Tloc      0%         N/A       100%        5
 Yara's Violent Unravell  Hex/Alch       0%         3d3       100%        5
 Bombard                  Conj/Erth      0%         9d1       100%        6
 Death Channel            Necr           0%         N/A       100%        6
 Eringya's Noxious Bog    Alch           0%         4d6       100%        6
 Summon Cactus Giant      Summ           0%         N/A       100%        6
 Haunt                    Necr/Summ      0%         N/A       100%        7
 Spellforged Servitor     Conj/Summ      0%         N/A       100%        7
 Summon Hydra             Summ           0%         N/A       100%        7
 Ignition                 Fire           0%         3d3       100%        8
 Lehudib's Crystal Spear  Conj/Erth      0%         10d2      100%        8
 Maxwell's Capacitive Co  Air            0%         ∞         100%        8


Dungeon Overview and Level Annotations

Branches:
Dungeon (15/15)            Temple (1/1) D:7            Lair (5/5) D:10
  Swamp (4/4) Lair:3        Snake (4/4) Lair:2        Slime (0/5) Lair:4
    Orc (2/2) D:9             Elf (0/3) Orc:2        Vaults (5/5) D:13
  Crypt (0/3) Vaults:3     Depths (4/4) D:15            Zot (5/5) Depths:4
  IceCv (visited)         Volcano (visited)

Altars:
Ashenzari
Cheibriados
Dithmenos
Elyvilon
Fedhas
Gozag
Hepliaklqana
Kikubaaqudgha
Makhleb
Nemelex Xobeh
Okawaru
Qazlal
Ru
Sif Muna
Trog
Uskayaw
Vehumet
Wu Jian
Xom
Yredelemnul
Zin
The Shining One

Shops:
D:15 *?((:   Orc:2 (((:   Snake:2 :=:   Snake:4 ([[   Vaults:1 ((:   Vaults:4 !
Vaults:5 =   Depths:1 [!:=   Depths:2 *[[   Depths:3 =   Depths:4 :

Portals:
Hell: Depths:1 Depths:2 Depths:4
Abyss: Depths:1 Depths:3
Pandemonium: Depths:2 Depths:3
Ziggurat: Depths:1

Annotations:
D:6 3 runed translucent doors, Sapher's ghost, weakling SpDe
Lair:4 exclusion: 2 oklob plants
Vaults:3 exclusion: ice statue
Depths:4 exclusion: orange crystal statue


Innate Abilities, Weirdness & Mutations

You have a pair of horns on your head.
You reflexively headbutt those who attack you in melee.
You have large cloven feet.
You are strong-willed. (Will+)
You passively map a small area around you.


Message History

Cheibriados appreciates the change of pace.
No target in view!
No target in view!
There is an open door here.
There is a stone staircase leading up here.
You climb upwards.
There is a stone staircase leading down here.
There is an open door here.
You see here a +3 flail.
There is an open door, spattered with blood here.
There is a stone staircase leading up here.
You climb upwards.
There is a stone staircase leading down here.
HP restored.
A glowing orange brain comes into view.
Unknown command.
The glowing orange brain pulsates.
You resist with almost no effort.
You slash the glowing orange brain! You headbutt the glowing orange brain.
The glowing orange brain is moderately wounded.
You slice the glowing orange brain!!
The glowing orange brain is almost dead.
You slice the glowing orange brain!!
You kill the glowing orange brain!
Cheibriados appreciates the change of pace.
No target in view!
A hellwing, a sixfirhy and a lich come into view.
Unknown command.
The hellwing gives a chilling moan.
The lich shouts!
A Hell Sentinel comes into view.
There is a stone staircase leading up here.
You climb upwards.
There is a stone staircase leading down here.
There is a stone staircase leading up here.
You climb upwards.
There is a stone staircase leading down here.
There is a stone staircase leading up, spattered with blood here.
You climb upwards.
There is a stone staircase leading down, spattered with blood here.
There is a stone staircase leading up, spattered with blood here.
You climb upwards.
There is a stone staircase leading down, spattered with blood here.
There is a stone staircase leading up here.
You climb upwards.
There is a stone staircase leading down, spattered with blood here.
Things that are here:
2 boomerangs; a +0 hand axe
There is a stone staircase leading up here.
You climb upwards.
There is a stone staircase leading down here.
There is a stone staircase leading up here.
You climb upwards.
Level annotation: 3 runed translucent doors, Sapher's ghost, weakling SpDe
There is a stone staircase leading down here.
There is a stone staircase leading up, spattered with blood here.
Things that are here:
a +0 robe; a +0 dagger You climb upwards.
A reaper comes into view. It is wielding a +2 scythe of freezing.
There is a stone staircase leading down here.
The reaper completely misses you.
The reaper hits you with a +2 scythe of freezing!!
The reaper drags you backwards! The reaper completely misses you.
You slice the reaper!! You headbutt the reaper!
The reaper is heavily wounded.
You slice the reaper!! You headbutt the reaper!
The reaper is almost dead.
You block the reaper's attack.
You hit the reaper.
The reaper is almost dead.
You block the reaper's attack.
You slice the reaper!!
You kill the reaper!
Cheibriados appreciates the change of pace.
No target in view!
No target in view!
No target in view!
No target in view!
There is an open door here.
There is an open door here.
HP restored.
You open the door.
There is an open door here.
There is a stone staircase leading up here.
You climb upwards.
There is a stone staircase leading down here.
There is an open door here.
There is an open door here.
There is a stone staircase leading up here.
You climb upwards.
There is a stone staircase leading down here.
There is a stone staircase leading up here.
You climb upwards.
There is a stone staircase leading down here.
There is a stone staircase leading up here.
You climb upwards.
There is a stone staircase leading down here.
There is a staircase leading out of the dungeon here.
Unknown command.
You have escaped!

.#####)...............# ##...#...
.####..♣♣♣...♣♣♣......###......##
...#..♣♣.......♣♣.....##.......#.
.....♣♣.........♣♣...............
..)..♣....♣.♣....♣.####..........
.....♣..[..⌠.....♣.# #..........
.....♣....♣.♣...♣#.####.........#
.....♣♣..........♣..............#
......♣♣...(.♣#.@♣#.##..........#
.......♣♣♣♣♣♣♣♣♣♣##.###.........#
.................................
..........##..........#.........#
..#.......##.#..#####...........#
#............#..#.....#.........#
#........................).....##
#....##.#......#..##..........##
#....##........#.###....#.....###


There were no monsters in sight!

Vanquished Creatures
  3 orbs of fire (Zot:5)
  An ancient lich (Zot:5)
  A Killer Klown (Zot:5)
  A curse toe (Zot:2)
  3 caustic shrikes (Depths:4)
  11 golden dragons
  An electric golem (Zot:5)
  2 bone dragons
  A Tzitzimitl (Zot:2)
  A Hell Sentinel (Depths:3)
  13 tentacled monstrosities
  Jorgrun (Snake:1)
  6 titans (Vaults:5)
  A pandemonium lord (Zot:2)
  22 Orb Guardians (Zot:5)
  3 sphinxes
  2 liches (Depths:3)
  3 death cobs
  2 walking frostbound tomes (Depths:3)
  3 quicksilver dragons
  12 shadow dragons
  9 storm dragons
  5 tengu reavers
  Kirke (D:14)
  Roxanne (D:15)
  6 protean progenitors
  2 draconian monks (Depths:4)
  2 draconian shifters
  9 frost giants
  10 fire giants
  3 nagarajas (Snake:4)
  An iron dragon (Vaults:5)
  8 vault wardens
  4 draconian scorchers
  A deep elf sorcerer (Depths:1)
  2 ghost moths (Zot:3)
  2 draconian stormcallers (Zot:1)
  5 draconian annihilators
  13 ironbound preservers
  2 orc warlords (Vaults:1)
  13 very ugly things
  2 ironbound thunderhulks (Vaults:3)
  14 stone giants
  2 quicksilver oozes (Zot:4)
  2 reapers
  A deep elf demonologist (Vaults:5)
  A lorocyproca (Depths:2)
  2 deep elf death magi (Vaults:5)
  6 green draconians
  3 eleionomae
  4 purple draconians
  7 white draconians
  Azrael (D:14)
  3 war gargoyles
  A vampire knight (Depths:3)
  An eidolon (Depths:1)
  2 bunyips
  12 yellow draconians
  5 dire elephants
  7 black draconians
  8 red draconians
  Snorg (D:10)
  14 ettins
  5 crystal guardians
  7 fire dragons
  A shambling mangrove (Swamp:4)
  3 entropy weavers
  A yaktaur captain (Vaults:5)
  4 deep elf high priests (Vaults:5)
  4 great orbs of eyes
  A quicksilver dragon skeleton (Vaults:4)
  A hell beast (Depths:1)
  30 vault guards
  5 ogre magi
  18 hydras
  2 salamander tyrants (Snake:4)
  3 rakshasas
  2 spriggan air magi
  3 ice dragons
  3 peacekeepers
  3 boulder beetles
  6 alligators
  17 centaur warriors
  8 ironbound frosthearts
  10 anacondas
  A ghost crab (Swamp:3)
  11 naga warriors
  6 two-headed ogres
  6 tengu warriors
  A hell hog (Depths:1)
  12 deep troll earth magi
  2 occultists (Depths:1)
  5 deep troll shamans
  10 shock serpents
  A storm dragon zombie (Depths:3)
  Sonja (D:11)
  A skyshark (Lair:4)
  A spriggan berserker (Depths:2)
  15 naga sharpshooters
  5 salamander mystics (Snake:4)
  5 skeletal warriors (D:14)
  A shadow wraith (Vaults:5)
  46 deep trolls
  A sixfirhy (Zot:2)
  3 flayed ghosts
  8 iron trolls
  2 goliath frogs (Swamp:3)
  A spriggan druid (Swamp:4)
  A quicksilver dragon simulacrum (Depths:1)
  10 mana vipers
  15 swamp dragons
  17 lindwurms
  5 naga ritualists
  A shadow demon (Zot:5)
  A golden dragon skeleton (Depths:3)
  7 necromancers
  8 phantasmal warriors
  3 glowing orange brains
  2 arcanists
  2 deep elf pyromancers
  13 ironbound convokers
  9 orc knights (Vaults:1)
  A human zombie (Vaults:3)
  An elf skeleton (Vaults:3)
  5 orc sorcerers
  3 wolf spiders
  23 ugly things
  2 cyclopes
  19 salamanders
  A shadow dragon skeleton (Depths:3)
  6 manticores
  7 kobold blastminers
  9 moths of wrath
  10 elephants
  12 vault sentinels
  A water nymph (shapeshifter) (Vaults:5)
  2 rust devils
  10 guardian serpents
  2 ice statues (IceCv)
  3 meliai (D:15)
  11 naga magi
  2 smoke demons
  22 black mambas
  A torpor snail (Lair:2)
  16 cane toads
  Jeremiah (Lair:1)
  2 kobold demonologists (D:11)
  An unseen horror (D:10)
  A freezing wraith (D:15)
  8 komodo dragons
  Maggie (Lair:1)
  2 gargoyles
  2 hellions
  2 rime drakes
  2 efreet
  2 tormentors
  20 yaktaurs
  An anaconda simulacrum (IceCv)
  3 tengu conjurers
  7 ice devils (IceCv)
  7 trolls
  6 polar bears
  3 tyrant leeches
  Prince Ribbit (D:6)
  7 hornets
  3 human skeletons (Vaults:4)
  Grinder (D:6)
  10 dream sheep (Lair:5)
  A glass eye (shapeshifter) (Vaults:5)
  A human simulacrum (Vaults:3)
  8 blink frogs
  13 spriggans (Lair:5)
  9 slime creatures
  3 vampires
  2 shadows
  Sigmund (D:2)
  A dire elephant simulacrum (IceCv)
  7 water elementals
  3 hogs
  2 humans
  43 yaks
  4 basilisks
  A redback (shapeshifter) (Depths:4)
  3 wraiths
  3 fire elementals (D:14)
  2 ynoxinuls (Zot:2)
  A warg (Orc:2)
  2 wyverns
  17 vampire mosquitoes (D:12)
  2 redbacks (Vaults:3)
  9 steam dragons
  30 nagas
  An acid dragon (D:13)
  6 swamp worms
  11 water moccasins
  5 hell hounds
  12 black bears
  6 swamp drakes
  3 sky beasts
  28 orc warriors
  An ice beast (D:5)
  3 boggarts (Lair:5)
  15 centaurs
  23 wolves
  6 ogres
  A phantom (D:5)
  6 kobold brigands
  12 bullfrogs
  2 scorpions (D:5)
  6 wights
  21 killer bees
  3 electric eels
  A howler monkey (D:13)
  3 hounds
  9 orc priests
  4 iguanas
  Crazy Yiuf (D:2)
  2 sleepcaps (D:7)
  14 orc wizards
  Natasha (thrice) (D:2)
  A spriggan simulacrum (IceCv)
  A polar bear simulacrum (IceCv)
  Terence (D:2)
  15 gnolls
  7 adders
  A naga simulacrum (IceCv)
  2 shadow imps
  13 white imps
  A dart slug (D:1)
  2 ribbon worms
  48 orcs
  9 ball pythons
  6 endoplasms
  11 goblins
  9 hobgoblins
  9 kobolds
  4 quokkas
  4 bats
  5 frilled lizards
  3 rats
1457 creatures vanquished.

Vanquished Creatures (others)
  A dread lich (Zot:5)
  3 liches
  2 draconian knights (Zot:1)
  A very ugly thing (Depths:3)
  An occultist (Depths:1)
  A lindwurm (Vaults:1)
  2 bloated husks (Swamp:4)
  A human (D:14)
  A steam dragon (Volcano)
  A shadow imp (D:6)
  An orc (D:14)
  A goblin (D:14)
  A hobgoblin (D:14)
  3 kobolds (D:14)
20 creatures vanquished.

Grand Total: 1477 creatures vanquished

Notes
Turn   | Place    | Note
-------+----------+-------------------------------------------
     0 | D:1      | Flugslaktarn the Minotaur Fighter began the quest for the
                  | Orb.
     0 | D:1      | Reached XP level 1. HP: 19/19 MP: 0/0
    53 | D:1      | Reached XP level 2. HP: 10/27 MP: 1/1
   174 | D:1      | Reached skill level 4 in Fighting
   383 | D:1      | Reached XP level 3. HP: 28/33 MP: 2/2
  1089 | D:2      | Noticed Terence
  1094 | D:2      | Killed Terence
  1095 | D:2      | Reached XP level 4. HP: 41/41 MP: 3/3
  1178 | D:2      | Noticed Sigmund
  1185 | D:2      | Killed Sigmund
  1186 | D:2      | Reached skill level 5 in Fighting
  1186 | D:2      | Reached XP level 5. HP: 48/48 MP: 4/4
  1220 | D:2      | Identified the +2 pair of boots "Huixy" {Rampage Str-5
                  | SInv}
  1293 | D:2      | Noticed Natasha
  1305 | D:2      | Killed Natasha
  1407 | D:2      | Found a runed translucent door.
  1408 | D:2      | Noticed Crazy Yiuf
  1431 | D:2      | Noticed Natasha
  1436 | D:2      | Killed Natasha
  1437 | D:2      | Reached XP level 6. HP: 42/56 MP: 5/5
  1545 | D:2      | Noticed Natasha
  1552 | D:2      | Killed Natasha
  1605 | D:2      | Reached skill level 5 in Axes
  1925 | D:2      | Killed Crazy Yiuf
  2209 | D:3      | Reached skill level 6 in Fighting
  2516 | D:3      | Found a white marble altar of Elyvilon.
  2805 | D:3      | Found a shimmering blue altar of Sif Muna.
  3024 | D:4      | Reached skill level 5 in Armour
  3248 | D:4      | Reached skill level 5 in Shields
  3282 | D:4      | Reached XP level 7. HP: 64/64 MP: 6/6
  3517 | D:4      | Found a sparkling altar of Nemelex Xobeh.
  3520 | D:4      | Found a hazy altar of Hepliaklqana.
  3523 | D:4      | Found a blossoming altar of Fedhas.
  3526 | D:4      | Found a shimmering altar of Xom.
  3949 | D:5      | Entered Level 5 of the Dungeon
  4162 | D:5      | Reached skill level 7 in Fighting
  4621 | D:5      | Reached XP level 8. HP: 70/73 MP: 7/7
  4665 | D:5      | Found a burning altar of Makhleb.
  5248 | D:6      | Reached skill level 8 in Fighting
  5370 | D:6      | Noticed Sapher's ghost (weakling SpDe)
  5372 | D:6      | Noticed a two-headed ogre
  5384 | D:6      | Killed a two-headed ogre
  5385 | D:6      | Reached skill level 9 in Fighting
  5385 | D:6      | Reached XP level 9. HP: 37/83 MP: 8/8
  5540 | D:6      | Found a runed translucent gate.
  5540 | D:6      | Found a runed translucent gate.
  5540 | D:6      | Found a runed translucent gate.
  5920 | D:6      | Noticed Prince Ribbit
  5940 | D:6      | Killed Prince Ribbit
  6114 | D:6      | Noticed Grinder
  6123 | D:6      | Killed Grinder
  6254 | D:6      | Found a basalt altar of Yredelemnul.
  6339 | D:6      | Reached skill level 10 in Fighting
  7399 | D:7      | Found a staircase to the Ecumenical Temple.
  7402 | D:7      | Identified the +9 falchion of the Eggplant {flame, *Rage
                  | rC+ Int+2 Dex+2}
  7409 | Temple   | Entered the Ecumenical Temple
  7437 | Temple   | Became a worshipper of Cheibriados the Contemplative
  7505 | D:7      | Reached skill level 10 in Axes
  7825 | D:7      | Found a sacrificial altar of Ru.
  7965 | D:7      | Reached skill level 1 in Invocations
  8330 | D:7      | Gained mutation: You are weak. (Str -2) [potion of
                  | mutation]
  8330 | D:7      | Gained mutation: You passively map a small area around you.
                  | [potion of mutation]
  8330 | D:7      | Gained mutation: You are robust. (+10% HP) [potion of
                  | mutation]
  8410 | D:7      | Reached skill level 1 in Dodging
  8413 | D:7      | Reached XP level 10. HP: 57/103 MP: 8/10
  8943 | D:8      | Reached * piety under Cheibriados
  9062 | D:8      | Reached skill level 11 in Fighting
  9588 | D:9      | Reached ** piety under Cheibriados
 10671 | D:9      | Noticed a rakshasa
 10685 | D:9      | Killed a rakshasa
 10685 | D:9      | Reached *** piety under Cheibriados
 10686 | D:9      | Reached skill level 12 in Fighting
 10891 | D:9      | Reached XP level 11. HP: 106/114 MP: 12/12
 10968 | D:9      | Found a staircase to the Orcish Mines.
 11167 | D:10     | Entered Level 10 of the Dungeon
 11446 | D:10     | Reached **** piety under Cheibriados
 11631 | D:10     | Found a staircase to the Lair.
 11820 | D:10     | Noticed Snorg
 11826 | D:10     | Killed Snorg
 12068 | D:10     | Found a hide-covered altar of Uskayaw.
 12173 | D:11     | Noticed a two-headed ogre
 12662 | D:11     | Killed a two-headed ogre
 12888 | D:11     | Reached skill level 5 in Dodging
 13139 | D:11     | Noticed Sonja
 13143 | D:11     | Killed Sonja
 13144 | D:11     | Reached skill level 13 in Fighting
 13531 | D:12     | Noticed a centaur warrior
 13535 | D:12     | Killed a centaur warrior
 13583 | D:12     | Reached skill level 5 in Invocations
 13769 | D:12     | Reached skill level 10 in Armour
 13772 | D:12     | Reached XP level 12. HP: 126/126 MP: 14/14
 13782 | D:12     | Reached ***** piety under Cheibriados
 13932 | D:12     | Identified the +9 mace "Ypim" {heavy, +Blink Fly Int-2}
 14225 | D:12     | Identified a scroll of acquirement
 14299 | Lair:1   | Entered Level 1 of the Lair of Beasts
 14301 | Lair:1   | Acquired a manual of Dodging
 14320 | Lair:1   | Reached skill level 14 in Fighting
 14328 | Lair:1   | Noticed Maggie
 14335 | Lair:1   | Killed Maggie
 14341 | Lair:1   | Noticed Jeremiah
 14363 | Lair:1   | Killed Jeremiah
 15376 | Lair:2   | You fall into a shaft and drop 2 floors!
 15411 | Lair:4   | Noticed an eight-headed hydra
 15417 | Lair:4   | Reached XP level 13. HP: 112/137 MP: 16/16
 15419 | Lair:4   | Reached skill level 15 in Fighting
 15478 | Lair:4   | Found a dark tunnel.
 15484 | Volcano  | Entered a volcano
 15602 | Volcano  | Reached skill level 15 in Axes
 15612 | Volcano  | Noticed a fire dragon
 15616 | Volcano  | Killed a fire dragon
 16908 | Lair:3   | Found a staircase to the Swamp.
 16918 | Lair:3   | Noticed an eleionoma
 16928 | Lair:3   | Killed an eleionoma
 16943 | Lair:3   | Found a frozen archway.
 16944 | Lair:3   | Reached ****** piety under Cheibriados
 16965 | IceCv    | Entered an ice cave
 17125 | IceCv    | Reached skill level 10 in Dodging
 17241 | IceCv    | Noticed a reaper
 17252 | IceCv    | Killed a reaper
 17352 | IceCv    | Reached skill level 16 in Fighting
 18638 | Lair:2   | Found a staircase to the Snake Pit.
 18900 | Lair:2   | Got Gloorx Vloq's Codex of Skeletons
 19318 | Lair:5   | Entered Level 5 of the Lair of Beasts
 19335 | Lair:5   | Reached XP level 14. HP: 147/150 MP: 18/18
 19382 | Lair:5   | Found a white marble altar of Elyvilon.
 19745 | Lair:5   | Paralysed by a hornet for 1 turns
 19918 | Lair:5   | Reached skill level 17 in Fighting
 20724 | Orc:1    | Entered Level 1 of the Orcish Mines
 20986 | Orc:2    | Entered Level 2 of the Orcish Mines
 21004 | Orc:2    | Found a staircase to the Elven Halls.
 21573 | Orc:2    | Found Cowohuas's Weapon Boutique.
 21573 | Orc:2    | Found Cyussyno's Antique Weapon Emporium.
 21575 | Orc:2    | Found Qakliow's Book Shoppe.
 21577 | Orc:2    | Found Sebiu's Weapon Shop.
 22428 | D:13     | Reached XP level 15. HP: 158/161 MP: 20/20
 22906 | D:13     | Found a gate to the Vaults.
 23088 | D:13     | Identified the staff "Runaun" {rElec rC+ Will+ Str-3 Tloc
                  | Ice}
 23172 | D:14     | Noticed Azrael
 23188 | D:14     | Killed Azrael
 23302 | D:14     | Noticed Kirke
 23310 | D:14     | Killed Kirke
 23574 | D:14     | Found a hide-covered altar of Uskayaw.
 24251 | D:14     | Found an iron altar of Okawaru.
 24455 | D:15     | Entered Level 15 of the Dungeon
 24592 | D:15     | Reached skill level 18 in Fighting
 24620 | D:15     | Found Biczaits's Antique Weapon Shoppe.
 24708 | D:15     | Noticed Roxanne
 24836 | D:15     | Found Xomehy's Magic Scroll Boutique.
 24852 | D:15     | Bought a scroll of teleportation for 51 gold pieces
 24852 | D:15     | Bought a scroll of teleportation for 51 gold pieces
 24852 | D:15     | Bought a scroll of teleportation for 51 gold pieces
 24852 | D:15     | Bought a scroll of enchant armour for 127 gold pieces
 24912 | D:15     | Found a bloodstained altar of Trog.
 24951 | D:15     | Found Tidy's Book Shoppe.
 25079 | D:15     | Found Oculutt's Weapon Boutique.
 25259 | D:15     | Killed Roxanne
 25260 | D:15     | Reached skill level 10 in Invocations
 25310 | D:15     | Found a staircase to the Depths.
 25350 | D:15     | Found Solu's Assorted Antiques.
 25596 | Snake:1  | Entered Level 1 of the Snake Pit
 25664 | Snake:1  | Found a flickering gateway to a bazaar.
 25670 | Bazaar   | Entered a bazaar
 25674 | Bazaar   | Found Vuinemy's Jewellery Boutique.
 25690 | Bazaar   | Found Zemam's Distillery.
 25699 | Bazaar   | Bought a potion of ambrosia for 112 gold pieces
 25699 | Bazaar   | Bought a potion of curing for 42 gold pieces
 25699 | Bazaar   | Bought a potion of mutation for 112 gold pieces
 25699 | Bazaar   | Bought a potion of mutation for 112 gold pieces
 25710 | Bazaar   | Found Wupuj's Book Boutique.
 25734 | Bazaar   | Found Tauxt's Antique Armour Emporium.
 25739 | Bazaar   | Bought a bloodstained chain mail for 218 gold pieces
 25739 | Bazaar   | Identified the +0 chain mail "Maluech" {+Blink rPois rC+
                  | Str+2} (You bought it in a shop in a bazaar)
 25762 | Bazaar   | Bought a +4 ring of slaying for 702 gold pieces
 25930 | Snake:1  | Reached skill level 10 in Shields
 25930 | Snake:1  | Reached XP level 16. HP: 173/173 MP: 22/22
 25969 | Snake:1  | Identified the +0 scale mail "Jech" {rF+ Str+2}
 26041 | Snake:1  | Noticed Jorgrun
 26051 | Snake:1  | Killed Jorgrun
 26061 | Snake:1  | Reached skill level 15 in Dodging
 26742 | Snake:2  | Found Ugelam's Book Shop.
 26742 | Snake:2  | Found Utuubu's Jewellery Shoppe.
 26744 | Snake:2  | Identified the +5 short sword of Untruth {freeze, rF+ rN+
                  | Int+3}
 26747 | Snake:2  | Found Lamagak's Book Shop.
 26930 | Snake:4  | Entered Level 4 of the Snake Pit
 26930 | Snake:4  | Found Ecumor's Armour Shoppe.
 26947 | Snake:4  | Reached skill level 15 in Armour
 27024 | Snake:4  | Found a gateway to a bazaar.
 27039 | Bazaar   | Entered a bazaar
 27041 | Bazaar   | Found Guanyny's Assorted Antiques.
 27045 | Bazaar   | Found Seshribra's Assorted Antiques.
 27045 | Bazaar   | Found Cunizoe's Antique Armour Boutique.
 27046 | Bazaar   | Found Acirup's Antique Armour Boutique.
 27067 | Bazaar   | Bought a scroll of blinking for 180 gold pieces
 27067 | Bazaar   | Bought a scroll of enchant weapon for 180 gold pieces
 27067 | Bazaar   | Bought a scroll of revelation for 180 gold pieces
 27090 | Snake:4  | Found Lishreill's Antique Armour Shoppe.
 27253 | Snake:4  | Found Caoh Rusm's Antique Weapon Shop.
 27315 | Snake:4  | Reached skill level 19 in Fighting
 27789 | Snake:4  | Reached XP level 17. HP: 177/184 MP: 24/24
 27938 | Snake:4  | Got a serpentine rune of Zot
 28333 | Swamp:1  | Entered Level 1 of the Swamp
 28770 | Swamp:4  | Entered Level 4 of the Swamp
 28919 | Swamp:4  | Reached skill level 20 in Fighting
 28999 | Swamp:4  | Reached skill level 1 in Evocations
 29070 | Swamp:4  | Got a mossy gem with 713 turns to spare
 29072 | Swamp:4  | Got a decaying rune of Zot
 29297 | Vaults:1 | Entered Level 1 of the Vaults
 29380 | Vaults:1 | Reached XP level 18. HP: 195/195 MP: 26/26
 29420 | Vaults:1 | Found Zolybov's Antique Weapon Shop.
 29475 | Vaults:1 | Found Tovyogh's Weapon Shoppe.
 29782 | Vaults:1 | Found Tipirec's Book Boutique.
 30336 | Vaults:3 | Reached skill level 5 in Evocations
 30422 | Vaults:3 | Reached skill level 21 in Fighting
 30461 | Vaults:3 | Noticed a bone dragon
 30474 | Vaults:3 | Killed a bone dragon
 30498 | Vaults:3 | Identified the ring of the Scavenger {rPois Will+ Dex+3}
 30502 | Vaults:3 | Identified the ring "Kilel" {Fire rElec Int+2}
 30594 | Vaults:3 | Found a staircase to the Crypt.
 30783 | Vaults:4 | Reached XP level 19. HP: 202/207 MP: 27/27
 30789 | Vaults:4 | Found Jarghint's Distillery.
 30791 | Vaults:4 | Acquired a manual of Dodging
 30836 | Vaults:4 | Reached skill level 15 in Shields
 30924 | Vaults:4 | Bought a potion of heal wounds for 115 gold pieces
 31016 | Vaults:5 | Entered Level 5 of the Vaults
 31028 | Vaults:5 | Noticed a golden dragon
 31048 | Vaults:5 | Killed a golden dragon
 31069 | Vaults:5 | Identified the +7 shortbow of Immorality {flame, *Slow rF-
                  | Dex+7 Stlth+}
 31073 | Vaults:5 | Noticed a golden dragon
 31076 | Vaults:5 | Noticed a golden dragon
 31083 | Vaults:5 | Noticed a golden dragon
 31089 | Vaults:5 | Killed a golden dragon
 31105 | Vaults:5 | Identified the amulet of Plog {Spirit rF+++ Dex-4}
 31135 | Vaults:5 | Identified the +1 battleaxe "Zycifeff" {freeze, Fly rElec
                  | Int+2 Dex-5}
 31186 | Vaults:5 | Killed a golden dragon
 31191 | Vaults:5 | Reached XP level 20. HP: 128/220 MP: 23/28
 31194 | Vaults:5 | Killed a ghostly golden dragon
 31195 | Vaults:5 | Reached skill level 22 in Fighting
 31200 | Vaults:5 | Identified the +1 scale mail "Pafegh" {Str-5 Dex+10}
 31403 | Vaults:5 | Got the Atlas of Combustion
 31572 | Vaults:5 | Found Xojuq's Jewellery Shop.
 31595 | Vaults:5 | Identified the amulet of the Burgomaster {Acrobat Rampage
                  | MP+9 Str-2}
 31623 | Vaults:5 | Found the +8 orange crystal plate armour {Archmagi, Int+3
                  | Clar}
 31712 | Vaults:5 | Identified the beast talisman of the Zealous God {Slay+5}
 31965 | Vaults:5 | Got a silver rune of Zot
 32303 | Vaults:5 | Killed a golden dragon
 32584 | Depths:1 | Entered Level 1 of the Depths
 32638 | Depths:1 | Found Seocote's Distillery.
 32647 | Depths:1 | Bought a potion of heal wounds for 110 gold pieces
 32647 | Depths:1 | Bought a potion of cancellation for 176 gold pieces
 32647 | Depths:1 | Bought a potion of magic for 176 gold pieces
 32700 | Depths:1 | Found Uwkejieq's Jewellery Shoppe.
 32758 | Depths:1 | Found Nutaiquh's Vocational Training.
 32909 | Depths:1 | Found a one-way gateway to a ziggurat.
 32970 | Depths:1 | Found a gateway to Hell.
 33066 | Depths:1 | Found a one-way gate to the infinite horrors of the Abyss.
 33124 | Depths:1 | Found Moshraobo's Armour Emporium.
 33763 | Depths:2 | Found a one-way gate leading to the halls of Pandemonium.
 34037 | Depths:2 | Found Gozag's Assorted Antiques.
 34047 | Depths:2 | Noticed a golden dragon
 34048 | Depths:2 | Found an opulent altar of Gozag.
 34052 | Depths:2 | Found Gozag's Antique Armour Shop.
 34071 | Depths:2 | Found Gozag's Antique Armour Shop.
 34103 | Depths:2 | Killed a golden dragon
 34269 | Depths:3 | Noticed a golden dragon
 34287 | Depths:3 | Killed a golden dragon
 34371 | Depths:3 | Reached XP level 21. HP: 189/231 MP: 29/29
 34457 | Depths:3 | Reached skill level 23 in Fighting
 34551 | Depths:3 | Identified the +0 kite shield "Xoifiel" {rC+ rN++ Int-4}
 34576 | Depths:3 | Found Vaipla's Jewellery Shoppe.
 34624 | Depths:4 | Entered Level 4 of the Depths
 34662 | Depths:4 | Noticed a caustic shrike
 34662 | Depths:4 | Noticed a caustic shrike
 34662 | Depths:4 | Noticed a caustic shrike
 34666 | Depths:4 | Killed a caustic shrike
 34671 | Depths:4 | Killed a caustic shrike
 34676 | Depths:4 | Killed a caustic shrike
 34693 | Depths:4 | Noticed a golden dragon
 34702 | Depths:4 | Killed a golden dragon
 34704 | Depths:4 | Found Suicor's Book Boutique.
 34826 | Depths:4 | Found a gate to the Realm of Zot.
 34869 | Zot:1    | Entered Level 1 of the Realm of Zot
 35098 | Zot:2    | Noticed a curse toe
 35099 | Zot:2    | Found a basalt altar of Yredelemnul.
 35114 | Zot:2    | Killed a curse toe
 35377 | Zot:3    | Noticed a golden dragon
 35396 | Zot:3    | Killed a golden dragon
 35411 | Zot:3    | Noticed a golden dragon
 35423 | Zot:3    | Killed a golden dragon
 35582 | Zot:4    | Reached skill level 24 in Fighting
 35582 | Zot:4    | Reached XP level 22. HP: 244/244 MP: 30/30
 35721 | Zot:5    | Entered Level 5 of the Realm of Zot
 35905 | Zot:5    | Noticed a golden dragon
 35924 | Zot:5    | Killed a golden dragon
 36351 | Zot:5    | Noticed a dread lich
 36372 | Zot:5    | Killed a dread lich
 36408 | Zot:5    | Noticed an orb of fire
 36410 | Zot:5    | Noticed a Killer Klown
 36411 | Zot:5    | Gained mutation: You are vulnerable to cold. (rC-) [an orb
                  | of fire]
 36414 | Zot:5    | Noticed an orb of fire
 36414 | Zot:5    | Gained mutation: Your magical capacity is low. (-10% MP)
                  | [an orb of fire]
 36422 | Zot:5    | Killed an orb of fire
 36423 | Zot:5    | Noticed an orb of fire
 36425 | Zot:5    | Noticed an ancient lich
 36432 | Zot:5    | Killed an orb of fire
 36438 | Zot:5    | Gained mutation: You have sharp toenails. [an orb of fire]
 36444 | Zot:5    | Gained mutation: You occasionally shout uncontrollably at
                  | your foes. [an orb of fire]
 36445 | Zot:5    | Gained mutation: You frequently scream uncontrollably at
                  | your foes. [an orb of fire]
 36446 | Zot:5    | Killed a Killer Klown
 36446 | Zot:5    | Gained mutation: You are clumsy. (Dex -2) [an orb of fire]
 36457 | Zot:5    | Killed an ancient lich
 36460 | Zot:5    | Killed an orb of fire
 36531 | Zot:5    | Got the Orb of Zot
 36610 | Zot:5    | Lost mutation: Your magical capacity is low. (-10% MP)
                  | [potion of mutation]
 36610 | Zot:5    | Lost mutation: You frequently scream uncontrollably at your
                  | foes. [potion of mutation]
 36610 | Zot:5    | Lost mutation: You are weak. (Str -2) [potion of mutation]
 36611 | Zot:5    | Lost mutation: You are clumsy. (Dex -2) [potion of
                  | mutation]
 36611 | Zot:5    | Lost mutation: You are vulnerable to cold. (rC-) [potion of
                  | mutation]
 36611 | Zot:5    | Lost mutation: You occasionally shout uncontrollably at
                  | your foes. [potion of mutation]
 36611 | Zot:5    | Gained mutation: You do not regenerate when monsters are
                  | visible. [potion of mutation]
 36611 | Zot:5    | Gained mutation: You are strong-willed. (Will+) [potion of
                  | mutation]
 36612 | Zot:5    | Lost mutation: You do not regenerate when monsters are
                  | visible. [potion of mutation]
 36612 | Zot:5    | Lost mutation: You are robust. (+10% HP) [potion of
                  | mutation]
 36612 | Zot:5    | Lost mutation: You have sharp toenails. [potion of
                  | mutation]
 36612 | Zot:5    | Gained mutation: You have large cloven feet. [potion of
                  | mutation]
 36624 | Zot:4    | Reached skill level 25 in Fighting
 36673 | Zot:2    | Noticed Siocejur the pandemonium lord
 36685 | Zot:2    | Killed Siocejur the pandemonium lord
 36688 | Zot:2    | Reached XP level 23. HP: 143/234 MP: 31/31
 36784 | Zot:2    | Noticed Vaikhell the pandemonium lord
 36792 | Zot:2    | HP: 7/225 [rock wall collision (50)]
 37301 | D:$      | Escaped with the Orb!

Illustrated notes

Levels and vault maps discovered:
D:1:      amcnicky_arrival_underground_garden, layout_rooms, dk_noncrumbling_4,
          serial_park_tiny_pond
D:2:      layout_basic, uniq_crazy_yiuf_cottage, uniq_natasha, uniq_terence,
          uniq_sigmund
D:3:      layout_basic, old_standard_altar, nicolae_sif_muna_little_library,
          kennysheep_pointless_box
D:4:      layout_gridville, grunt_temple_overflow_cloverleaf
D:5:      layout_gridville, mainiacjoe_overflow_alcove_2, st_stairs_13
D:6:      layout_basic, marbit_many_paths, gammafunk_ghost_icy,
          nicolae_kite_square_tiling_tiny, hex_tiny, uniq_prince_ribbit1,
          uniq_grinder
D:7:      layout_rooms, nicolae_ru_sacrificial_ziggurat,
          minmay_temple_entry_gardened_gates, grunt_livestock, centaur_isle
D:8:      layout_basic
D:9:      layout_grid_maze, orc_0_dummy
D:10:     layout_rooms, mainiacjoe_overflow_24_doors, lair_entry_dummy,
          minmay_splitting_lines, hangedman_decor_clover_reticule, uniq_snorg
D:11:     layout_basic, uniq_sonja
D:12:     layout_roguey, kennysheep_generic_room_13
D:13:     layout_irregular_city, hellmonk_vaults_keyhole, minmay_liquid_box,
          minmay_the_grid_2x2 [minmay_the_grid_square_x,
          minmay_the_grid_tri_star, minmay_the_grid_box_x,
          minmay_the_grid_prize_shrinking_boxes]
D:14:     layout_loops_corners, nicolae_uskayaw_dance_hall,
          eino_small_chamber_without_monster, minmay_misc_feat_iff,
          okawaru_altar_gauntlet_db, uniq_azrael, uniq_kirke
D:15:     hangedman_depths_entry_try_elsewhere_first, layout_gridville,
          serial_bayou_ford_a, serial_shops, nicolae_shop_back_alley_shop,
          nicolae_square_shop, shop, shop, nicolae_shop_peninsula,
          trog_ov_bears_minmay, uniq_roxanne
Temple:   minmay_temple_bridge_abc
Lair:1:   layout_hall_layers, gammafunk_lair_bear_cave, uniq_jeremiah,
          uniq_maggie
Lair:2:   layout_regular_city, guppyfry_snake_entry_island, beast_lair_carwin_1,
          lemuel_fruit_fields
Lair:3:   layout_cave_pods, alex1729_swamp_entry_worm_eleionoma,
          portal_ice_cave_entry_imps
Lair:4:   layout_hall_layers, minmay_slime_entry_oklob_enclosed,
          enter_volcano_2, grunt_megastairs_3
Lair:5:   minmay_lair_end_enchanted_forest, layout_regular_city, basic_altar,
          wad_woods_road_05, grunt_megastairs_2
Swamp:1:  nicolae_swamp_flooded_prison, layout_basic_swamp,
          hangedman_swamp_blocks, nicolae_swamp_long_stream, uniq_nikola
Swamp:2:  layout_basic_swamp, evilmike_swamp_ruin_house_4, uniq_mlioglotl
Swamp:3:  layout_falls_marsh, nicolae_swamp_treefoil, hangedman_swamp_dais,
          uniq_bai_suzhen
Swamp:4:  swamp_alternative, layout_basic_swamp, swamp_pool_5,
          hangedman_swamp_lotus, hangedman_swamp_cone, nzn_swamp_blast_mining,
          infiniplex_staircase_pool, uniq_aizul
Snake:1:  layout_onion, serial_shops, bzr_entry_safe, uniq_jorgrun
Snake:2:  layout_basic, minmay_shop_grove
Snake:3:  layout_rooms, serial_bayou_lagoon_a
Snake:4:  snake_pit_salamanders_mu, layout_misc_corridors, serial_shops,
          bzr_entry_road, shop, shop, nicolae_shop_just_a_little_nook
Orc:1:    layout_caves
Orc:2:    st_orc_rangers, layout_caves
Vaults:1: grunt_vaults_bifocal, nicolae_vaults_trapezoid_4,
          nicolae_vaults_taking_the_gang_shopping, v_misc_30, nooodl_orcs_dogs,
          nicolae_vaults_closet_pinwheel_6, ontoclasm_vaults_twist,
          vaults_mumra_hexcomb, v_rooms_5, nicolae_vaults_tetromino_L_2,
          nicolae_vaults_little_squares_4, nicolae_vaults_ellipses_ellipsis,
          ontoclasm_vaults_loading_screen, nicolae_vaults_bisected_slash,
          nicolae_vaults_tetromino_Z_1, layout_vaults_ring, serial_shops, shop,
          nicolae_shop_tiny_waterfront, nicolae_shop_hallway_stairs, shop
Vaults:2: vaults_room_octagon, nicolae_vaults_lightning_bolt,
          nicolae_vaults_storage_closets_3, nicolae_vaults_house_3,
          dpeg_vaults_monster_box, layout_vaults_omnigrid, serial_shops,
          nicolae_shop_tiny_glass
Vaults:3: nicolae_vaults_museum, minmay_crypt_entry_nasty_monster, v_misc_18,
          nicolae_vaults_theta, vaults_dpeg_diagonal,
          nicolae_vaults_circle_grid_a, nicolae_vaults_network_square,
          nicolae_vaults_offset_grid_hallway_3, nicolae_vaults_tangram_1,
          hangedman_vaults_slice, ontoclasm_vaults_gateway, v_rooms_3,
          ontoclasm_vaults_ring_small, layout_vaults_maze_bifur, serial_shops,
          statue_bzr
Vaults:4: nicolae_vaults_trapezoid_1, nicolae_vaults_offset_grid_hallway_3,
          vaults_room_ringed_pool, grunt_vaults_swirl, grunt_vaults_trifunnel,
          v_misc_2, nicolae_vaults_branching_niches,
          nicolae_vaults_door_testing_chamber, vaults_room_hallway,
          nicolae_vaults_diamond_2, v_misc_5, layout_vaults_omnibox,
          trove_entry_hex_spiral, serial_shops, shop, uniq_donald
Vaults:5: serial_shops
Depths:1: layout_cave_shapes, enter_ziggurat_b, serial_shops, shop,
          nicolae_shop_temple_entry_statues_fountains, nicolae_shop_waterfront,
          grunt_mini_vestibule, patterned_corridor,
          nicolae_abyss_entry_one_way_or_another, minmay_misc_feat_room,
          nicolae_shop_vocational, grunt_megastairs_5, firewood_loft
Depths:2: kennysheep_gozag_temple, layout_basic, abyss_entry_small_statue_room,
          roderic_roman_lattice, grunt_pan_entry_zigzag, hangedman_coc_ice_floe
Depths:3: nicolae_legendary_halls, layout_cave_pools, pan_entry, serial_shops,
          shop, nicolae_eternal_life, hell_entry, abyss_entry
Depths:4: grunt_zot_entry_funnels, layout_twisted_cross, hell_entry,
          serial_shops, nicolae_book_shop_shelving, st_stairs_7, minivault_16,
          grunt_potential
Zot:1:    layout_gridlike, gammafunk_ghost_arena
Zot:2:    layout_gridlike, regret_index_zot_stipple_split,
          regret_index_zotdec_golden_two_three
Zot:3:    layout_cellular_growth, gammafunk_ghost_mausoleum,
          regret_index_zotdec_split_disrupt,
          regret_index_zotdec_barnacled_alternative
Zot:4:    layout_gridlike, st_stairs_9
Zot:5:    layout_onion

Skill      XL: |  1  2  3  4  5  6  7  8  9 10 11 12 13 14 15 16 17 18 19 20 21 22 |
---------------+-------------------------------------------------------------------+-----
Fighting       | 4 5 6 7 9 10 12 13 14 16 17 18 19 20 21 22 24 25 | 25.2
Axes           | 3 4 5 6 8 10 11 13 14 16 17 18 | 18.0
Armour         | 4 5 6 7 8 10 11 12 13 14 15 16 17 19 20 21 22 | 22.8
Shields        | 4 5 6 7 8 10 11 13 14 16 17 19 20 | 20.8
Invocations    | 1 3 5 6 7 8 10 11 12 | 12.0
Dodging        | 1 3 5 8 10 12 14 16 17 18 20 22 23 | 23.9
Evocations     | 2 5 7 8 |  8.0

Action                     |  1- 3 |  4- 6 |  7- 9 | 10-12 | 13-15 | 16-18 | 19-21 | 22-24 || total
---------------------------+-------+-------+-------+-------+-------+-------+-------+-------++-------
  Melee: War axe           |    56 |   124 |   217 |       |   472 |  1148 |   989 |   485 ||  3491
         Headbutt          |    13 |    18 |    37 |    77 |   233 |   380 |   341 |   207 ||  1306
         Battleaxe         |       |       |    12 |   351 |   414 |       |       |       ||   777
 Invoke: Slouch            |       |       |       |     2 |     4 |     2 |     4 |     1 ||    13
         Step From Time    |       |       |       |       |       |       |     2 |     2 ||     4
         Temporal Distorti |       |       |       |       |       |       |     2 |     2 ||     4
  Evoke: Wand              |       |       |       |     3 |     5 |     2 |       |     4 ||    14
    Use: Potion            |       |       |     4 |       |       |       |    10 |    14 ||    28
         Scroll            |       |       |       |    20 |    13 |     7 |    12 |     3 ||    55
   Stab: Distracted        |       |       |       |     1 |       |       |     1 |       ||     2
 Armour: Scale mail        |    46 |    75 |   194 |   194 |       |       |       |       ||   509
         Plate armour      |       |       |       |   197 |   289 |       |       |       ||   486
         Gold dragon scale |       |       |       |       |   407 |   729 |   282 |       ||  1418
         Crystal plate arm |       |       |       |       |       |       |   346 |   203 ||   549
  Dodge: Dodged            |    34 |    59 |    98 |   265 |   717 |   780 |   759 |   266 ||  2978
  Block: Buckler           |    12 |    36 |   106 |       |       |       |       |       ||   154
         Other             |       |       |     6 |    37 |       |       |       |       ||    43
         Reflection        |       |       |     4 |     5 |       |       |       |       ||     9
         Tower shield      |       |       |       |       |   579 |  1646 |  1548 |   620 ||  4393

Table legend: (Time is in decaauts)
 A = Elapsed time spent in this place.
 B = Non-inter-level travel time spent in this place.
 C = Inter-level travel time spent in this place.
 D = Time resting spent in this place.
 E = Time spent auto-exploring this place.
 F = Levels seen in this place.
 G = Mean time per level.
                   A        B        C        D        E       F      G
               +--------+--------+--------+--------+--------+-----+--------+
         Total |  55488 |  50770 |   4718 |   3074 |  38024 |  49 | 1132.4 |
       Dungeon |  24124 |  22059 |   2065 |   2443 |  16874 |  15 | 1608.3 |
        Temple |     54 |     11 |     43 |      0 |      0 |   1 |   54.0 |
          Lair |  10364 |   9467 |    897 |     98 |   8295 |   5 | 2072.8 |
         Swamp |   1293 |   1048 |    245 |      0 |    483 |   4 |  323.2 |
     Snake Pit |   4217 |   3966 |    251 |      0 |   3032 |   4 | 1054.2 |
  Orcish Mines |   2043 |   1945 |     98 |     99 |   1599 |   2 | 1021.5 |
        Vaults |   5077 |   4559 |    518 |    148 |   3128 |   5 | 1015.4 |
        Depths |   3974 |   3752 |    222 |      0 |   2700 |   4 |  993.5 |
           Zot |   2971 |   2596 |    375 |     66 |   1515 |   5 |  594.2 |
        Bazaar |    281 |    281 |      0 |      0 |    187 |   2 |  140.5 |
      Ice Cave |    704 |    704 |      0 |    220 |     93 |   1 |  704.0 |
       Volcano |    381 |    381 |      0 |      0 |    116 |   1 |  381.0 |
               +--------+--------+--------+--------+--------+-----+--------+

Top non-repeatable levels by time:
  Lair:4: 2508 daAuts
    D:14: 2499 daAuts
  Lair:3: 2430 daAuts
     D:9: 2397 daAuts
    D:13: 2307 daAuts
     D:6: 2236 daAuts
    D:11: 2214 daAuts
Depths:1: 2195 daAuts
  Lair:5: 2179 daAuts
 Snake:4: 2100 daAuts
Vaults:5: 2012 daAuts
  Lair:2: 1933 daAuts
    D:15: 1771 daAuts
     D:7: 1730 daAuts
    D:10: 1596 daAuts
